 Dungeon Crawl Stone Soup version 0.20-a0-738-gb057e68 (webtiles) character file.

42 polly the Bolt Thrower (level 3, -7/28 HPs)
             Began as a Formicid Hunter on Feb 24, 2017.
             Mangled by Crazy Yiuf
             ... wielding a +3 quarterstaff of chaos
              (10 damage)
             ... on level 2 of the Dungeon.
             The game lasted 00:02:29 (1714 turns).

polly the Bolt Thrower (Formicid Hunter)            Turns: 1714, Time: 00:02:30

Health: -7/28      AC: 10    Str: 16    XL:     3   Next: 80%
Magic:  3/3        EV:  5    Int: 15    God:
Gold:   117        SH:  0    Dex: 12    Spells: 2/2 levels left

rFire    . . .     SeeInvis +   a - +1 hand crossbow
rCold    . . .     Gourm    .   l - +0 plate armour
rNeg     . . .     Faith    .   (no shield)
rPois    .         Spirit   .   (helmet unavailable)
rElec    .         Reflect  .   (no cloak)
rCorr    .         Harm     .   (no gloves)
MR       .....                  (no boots)
Stlth    ..........             (no amulet)
Regen    0.1/turn               (no ring)
MPRegen  0.1/turn               (no ring)

@: brilliant, flying, drained
A: permanent stasis, dig shafts and tunnels, four strong arms, antennae 3
a: Dig, Shaft Self


You were on level 2 of the Dungeon.
You were not hungry.

You visited 1 branch of the dungeon, and saw 2 of its levels.

You collected 117 gold pieces.

Inventory:

Hand Weapons
 a - a +1 hand crossbow (weapon)
 b - a +0 short sword
Missiles
 d - 34 bolts (quivered)
Armour
 l - a +0 plate armour (worn)
Scrolls
 c - a scroll of identify {unknown}
 e - 2 scrolls of remove curse {unknown}
 g - 2 scrolls of noise {unknown}
 i - a scroll of random uselessness {unknown}
Potions
 n - a potion of flight
Comestibles
 f - 2 bread rations
 h - a royal jelly
 j - 2 meat rations
 p - 16 fruits
 q - a chunk of flesh


   Skills:
 + Level 2.3(2.1) Fighting
 + Level 0.6(0.3) Short Blades
 + Level 4.8(4.6) Crossbows
 + Level 0.9(0.7) Armour
 + Level 1.8(1.6) Dodging
 + Level 1.2(1.0) Stealth


You had 2 spell levels left.
You didn't know any spells.

Dungeon Overview and Level Annotations

Branches:
Dungeon (2/15)

Altars:
Elyvilon

Annotations:
D:2 Crazy Yiuf


Innate Abilities, Weirdness & Mutations

You cannot be hasted, slowed, berserked, paralysed or teleported.
You can dig through walls and to a lower floor.
Your four strong arms can wield two-handed weapons with a shield.
You have a pair of large antennae on your head. (SInv)


Message History

Crazy Yiuf laughs, "Island pizzabubble tired!"
Crazy Yiuf hits you with a quarterstaff of chaos!
* * * LOW HITPOINT WARNING * * *
Your stasis prevents you from being slowed.
It was a potion of flight.
You feel very buoyant.
You fly up into the air.
You feel less confused.
Crazy Yiuf hits you with a quarterstaff of chaos.
* * * LOW HITPOINT WARNING * * *
You are too injured to fight recklessly!
It was a potion of berserk rage.
Your stasis prevents you from going berserk.
Crazy Yiuf hits you but does no damage.
It was a potion of brilliance.
You feel clever all of a sudden. Crazy Yiuf hits you but does no damage.
You feel drained.
It was a potion of magic.
Magic courses through your body.
Crazy Yiuf hits you with a quarterstaff of chaos!
You die...

#.# #.#.# #..... #.#
#.#.# #.#### #.# #.#.#
##### #.# #.# #.#.#
#)(.# #.# #.# #.#.#
#.(.# #.# # #.# #)#.#
... #.# # #.# #.#.#
#'# #.# # ##.####...#
♣g♣♣ #.# # #......)..#
♣♣@♣ ### ###.####
#..####...# ♣.♣♣
#.####.......
#..####...# ♣♣.♣
#..[...#.####
#....##..## ♣♣.♣♣
#.####.#.# #
#.##.##..# ♣♣.P.♣
#......#.# #
#.##.##..# ♣.P.P♣
#.####.#.####
#........# #....# ###
#......(
####.###.#####....####
##.##### #.#
#.#.##......#.#
#.#####


You could see Crazy Yiuf.

Vanquished Creatures
  An ooze (D:2)
  A worm (D:2)
  A dart slug (D:2)
  A leopard gecko (D:2)
  5 bats
  3 giant cockroaches
  A hobgoblin (D:2)
  2 jackals (D:2)
  A quokka (D:2)
  A ball python (D:1)
  2 frilled lizards (D:2)
  3 goblins
  3 kobolds
  9 rats
34 creatures vanquished.

Notes
Turn   | Place    | Note
-------+----------+-------------------------------------------
     0 | D:1      | polly the Formicid Hunter began the quest for the Orb.
     0 | D:1      | Reached XP level 1. HP: 16/16 MP: 1/1
   330 | D:1      | Reached XP level 2. HP: 22/22 MP: 2/2
   906 | D:2      | Reached XP level 3. HP: 27/27 MP: 3/3
  1045 | D:2      | Found a white marble altar of Elyvilon.
  1458 | D:2      | Found a runed door.
  1703 | D:2      | Noticed Crazy Yiuf
  1714 | D:2      | Mangled by Crazy Yiuf

Vault maps used:
D:1:      nicolae_arrival_washed_ashore, minmay_misc_feat_pillars,
          corexii_corridor_pit
D:2:      minmay_wonky_spiral, lemuel_crystal_altar, first_bread, dk_vineyard_2,
          uniq_crazy_yiuf_cottage

Action                   || total
-------------------------++-------
Melee: Short sword       ||    35
 Fire: Hand crossbow     ||    88
  Use: Potion            ||     4
  Eat: Chunk             ||     2
Armor: Plate armour      ||    90
Dodge: Dodged            ||    24
